 Dungeon Crawl Stone Soup version 0.29-a0-8-g0446c0dae4 (webtiles) character file.

Game seed: 6583677638740751863

93 testman the Cudgeller (level 4, 0/39 (45) HPs)
             Began as a Troll Berserker on Jan 27, 2022.
             Was a Believer of Trog.
             Slain by an orc warrior (1 damage)
             ... on level 6 of the Dungeon.
             The game lasted 00:07:17 (1380 turns).

testman the Cudgeller (Troll Berserker)             Turns: 1380, Time: 00:07:18

HP:   0/39 (45)     AC:  4    Str: 27    XL:     4   Next: 36%
MP:   3/3           EV: 10    Int:  3    God:    Trog [**....]
Gold: 30            SH:  0    Dex:  9    Spells: 3/3 levels left

rFire   . . .      SeeInvis .   a - +0 mace
rCold   . . .      Faith    .   (no shield)
rNeg    . . .      Spirit   .   b - +0 animal skin
rPois   .          Reflect  .   (helmet restricted)
rElec   .          Harm     .   (no cloak)
rCorr   .          Rampage  .   (gloves unavailable)
Will    ++...                   (boots unavailable)
Stlth   +.........              (no amulet)
HPRegen 1.93/turn               (no ring)
MPRegen 0.08/turn               (no ring)

@: strong-willed, on berserk cooldown, regenerating, slowed, heavily drained,
very slow
A: large, unfitting armour, claws 3, regeneration 1, shaggy fur 1, tough skin 1
a: Renounce Religion, Berserk, Trog's Hand


You were on level 6 of the Dungeon.
You worshipped Trog.
Trog was pleased with you.
You visited 1 branch of the dungeon, and saw 4 of its levels.

You collected 69 gold pieces.
You spent 39 gold pieces at shops.

Inventory:

Hand Weapons
 a - a +0 mace (weapon)
 j - a +4 hunting sling
Missiles
 c - 70 stones (quivered)
 e - 4 poisoned darts
Armour
 b - a +0 animal skin (worn)
Scrolls
 d - 3 scrolls of identify
 g - a scroll of fear {unknown}
 h - a scroll of immolation {unknown}
 l - a scroll of teleportation
Potions
 f - a potion of haste
 i - a potion of curing {unknown}
 k - a potion of brilliance {unknown}


   Skills:
 + Level 3.4 Fighting
 + Level 3.8 Maces & Flails
 - Level 2.4 Dodging


You had 3 spell levels left.
You didn't know any spells.
Your spell library was empty.

Dungeon Overview and Level Annotations

Branches:
Dungeon (3/15)

Altars:

Shops:
D:6 ?


Innate Abilities, Weirdness & Mutations

You are too large for most types of armour.
You have claws for hands.
Your natural rate of healing is unusually fast.
You are covered in fur. (AC +1)
You have tough skin. (AC +1)


Message History

The orc wizard points at you and mumbles some strange words.
You are confused.
The orc warrior barely misses you.
You bump into the rock wall.
The orc warrior hits you with a +0 short sword of speed!
The orc wizard hits you but does no damage.
You feel drained.
You closely miss the orc warrior.
The orc warrior is moderately wounded.
The orc warrior hits you but does no damage.
You're too confused to move!
The orc wizard mumbles some strange words.
The orc wizard flickers and vanishes!
Deactivating autopickup; reactivate with Ctrl-A.
The orc warrior hits you with a +0 short sword of speed!
You closely miss the orc warrior.
The orc warrior is moderately wounded.
The orc warrior barely misses you. Something hits you.
You feel drained.
The orc warrior hits you with a +0 short sword of speed.
You miss something. Something hits you but does no damage.
You feel drained.
The orc warrior hits you but does no damage.
You bump into the rock wall.
The orc warrior hits you with a +0 short sword of speed!
You bump into the rock wall.
You feel a strong urge to attack something.
You feel less confused.
You are no longer berserk.
You are exhausted.
You feel yourself slow down. Something hits you but does no damage.
You feel drained.
The orc warrior hits you with a +0 short sword of speed.
Your skin crawls.
You feel strong-willed.
The orc warrior hits you with a +0 short sword of speed!
* * * LOW HITPOINT WARNING * * *
Something hits you.
* * * LOW HITPOINT WARNING * * *
You feel drained.
* * * LOW HITPOINT WARNING * * *
The orc warrior hits you with a +0 short sword of speed.
You die...

#.....# #.....#..#
######.....#..#
#.....∩....#..#
####..........#..#
..............#..#
..............#.o#
....##'########{o#
... #........###@#
.. #............#
######.......#
######..# #..#
##+#


You could see an orc warrior and an orc.

Vanquished Creatures
  Robin (D:2)
  An adder (D:2)
  A gnoll (D:1)
  A worm (D:2)
  4 dart slugs
  2 endoplasms (D:1)
  2 giant cockroaches
  6 goblins (D:2)
  9 hobgoblins
  4 kobolds
  2 quokkas
  4 ball pythons
  7 bats
  A frilled lizard (D:1)
  5 rats
50 creatures vanquished.

Notes
Turn   | Place    | Note
-------+----------+-------------------------------------------
     0 | D:1      | testman the Troll Berserker began the quest for the Orb.
     0 | D:1      | Reached XP level 1. HP: 22/22 MP: 0/0
    81 | D:1      | Reached XP level 2. HP: 9/29 MP: 1/1
   247 | D:1      | Found a faded altar of an unknown god.
   279 | D:1      | Reached XP level 3. HP: 37/37 MP: 2/2
   459 | D:1      | Reached ** piety under Trog
  1062 | D:2      | Noticed Robin
  1066 | D:2      | Reached XP level 4. HP: 29/45 MP: 3/3
  1079 | D:2      | HP: 2/67 [goblin[Robin] (6)]
  1087 | D:2      | Killed Robin
  1347 | D:3      | You fall into a shaft and drop 3 floors!
  1347 | D:6      | Found Qavey's Magic Scroll Shop.
  1352 | D:6      | Bought a scroll of teleportation for 39 gold pieces
  1367 | D:6      | Noticed an orc warrior
  1380 | D:6      | HP: 2/40 [something (2)]
  1380 | D:6      | Slain by an orc warrior

Illustrated notes

Levels and vault maps discovered:
D:1:      roderic_crossed_star, layout_basic,
          shapermc_ecumenical_altar_starsandcircs, minmay_splitting_lines
D:2:      layout_loops_ring, uniq_robin
D:3:      layout_basic, item_on_display_a, uniq_grinder, uniq_terence,
          uniq_natasha
D:6:      layout_gridville, serial_shops, shop

Skill      XL: |  1  2 |
---------------+-------+-----
Maces & Flails | 3 |  3.8
Fighting       | 3 |  3.4
Dodging        | |  2.4

Action                   |  1- 3 |  4- 6 || total
-------------------------+-------+-------++-------
Melee: Mace              |    97 |    36 ||   133
       Punch             |     1 |       ||     1
Invok: Berserk           |       |     2 ||     2
       Trog's Hand       |       |     1 ||     1
  Use: Scroll            |       |     1 ||     1
Armor: Animal skin       |    47 |    17 ||    64
Dodge: Dodged            |    59 |    28 ||    87

Table legend: (Time is in decaauts)
 A = Elapsed time spent in this place.
 B = Non-inter-level travel time spent in this place.
 C = Inter-level travel time spent in this place.
 D = Time resting spent in this place.
 E = Time spent auto-exploring this place.
 F = Levels seen in this place.
 G = Mean time per level.
                   A        B        C        D        E       F      G
               +--------+--------+--------+--------+--------+-----+--------+
         Total |   1410 |   1384 |     26 |     62 |    999 |   4 |  352.5 |
       Dungeon |   1410 |   1384 |     26 |     62 |    999 |   4 |  352.5 |
               +--------+--------+--------+--------+--------+-----+--------+

Top non-repeatable levels by time:
     D:2: 712 daAuts
     D:1: 663 daAuts
     D:6: 30 daAuts
     D:3: 3 daAuts
